Map: Gresvan LE

Players

TAZZANG

  • Race: Zerg Zerg
  • League: Master
  • Spawn Location: 5:00

MattBarry - Winner!

  • Race: Zerg Zerg
  • League: Diamond
  • Spawn Location: 11:00

VOD

Have the link to the VOD?

Description

Time

  • Played on: May 6, 2023, 12:08 a.m.
  • Length: 5:28
Show
View Real Time Build Order
Export as new Build Order

TAZZANG Zerg 

Build Orders: Pool First 

Get SALT Encoding   

  12  0:00  Drone  
  13  0:13  Overlord  
  13  0:17  Drone  
  14  0:33  Drone  
  15  0:37  Spawning Pool  
  15  0:41  Drone  
  15  0:47  Drone  
  15  0:49  Drone  
  17  1:11  Hatchery  
  17  1:13  Drone  
  17  1:24  Zergling x2  
  17  1:25  Zergling x2  
  19  1:29  Zergling x2  
  20  1:33  Queen  
  22  1:40  Overlord  
  22  2:00  Drone  
  23  2:03  Drone  
  24  2:08  Queen  
  24  2:15  Hatchery  
  25  2:17  Drone  
  26  2:28  Drone x2  
  28  2:33  Drone  
  28  2:35  Drone  
  30  2:43  Drone  
  31  2:45  Drone x2  
  31  2:46  Drone  
  31  2:49  Drone  
  35  2:56  Drone  
  36  2:59  Overlord  
  36  3:03  Extractor  
  35  3:06  Extractor  
  35  3:12  Drone  
  34  3:15  Spine Crawler  
  33  3:21  Zergling x2  
  33  3:22  Zergling x8  
  38  3:34  Evolution Chamber  
  38  3:36  Evolution Chamber  
  38  3:37  Zergling x4  
  38  3:39  Zergling x2  
  38  3:40  Zergling x2  
  38  3:41  Zergling x2  
  41  3:42  Zergling x4  
  34  3:56  Drone x2  
  34  3:57  Drone x2  
  34  3:59  Drone  
  40  4:02  Drone  
  40  4:10  Drone  
  40  4:11  Drone x3  
  40  4:13  Queen  
  40  4:15  Drone  
  47  4:19  Drone  
  48  4:24  Drone  
  48  4:27  Drone  
  48  4:29  Overlord  
  50  4:38  Overlord  
  50  4:48  Baneling Nest  
  50  4:49  Zergling x2  
  50  4:52  Zergling x2  
  51  4:53  Zergling x2  
  51  4:59  Zergling x2  
  46  5:03  Zergling x2  
  43  5:09  Zergling x2  
Show
View Real Time Build Order
Export as new Build Order

MattBarry Zerg - Winner!

Build Orders: Hatch First 

Get SALT Encoding   

  12  0:00  Drone  
  13  0:12  Overlord  
  13  0:18  Drone  
  14  0:31  Drone x2  
  17  0:35  Drone  
  17  0:54  Hatchery  
  16  0:58  Extractor  
  15  1:08  Spawning Pool  
  14  1:12  Drone  
  14  1:15  Drone  
  16  1:19  Drone  
  17  1:26  Drone  
  18  1:36  Drone  
  19  1:50  Overlord  
  19  1:56  Zergling x2  
  19  1:57  Queen  
  19  1:59  Metabolic Boost  
  22  2:06  Queen  
  24  2:11  Zergling x2  
  25  2:16  Zergling x2  
  25  2:24  Zergling x4  
  25  2:31  Zergling x4  
  27  2:49  Drone  
  27  2:50  Zergling x6  
  31  2:59  Zergling x2  
  32  3:11  Drone x3  
  35  3:15  Baneling Nest  
  34  3:23  Overlord x2  
  32  3:46  Zergling x12  
  34  3:54  Zergling x4  
  34  3:55  Zergling x6  
  37  4:02  Zergling x2  
  37  4:14  Baneling x5  
  36  4:19  Zergling x8  
  40  4:25  Drone x2  
  40  4:27  Drone  
  43  4:42  Drone  
  43  4:45  Overlord x2  
  39  5:05  Baneling x3  
  39  5:06  Zergling x14  
Tags
 
Add a new tag
Caveats
  • Supply blocks, unpowered buildings, or Contaminate may cause inaccurate times.
  • Supply counts are checked every 10 seconds.